 Dungeon Crawl Stone Soup version 0.29.1-15-g9cfb28693d (webtiles) character file.

Game seed: 15753230736910404741

674 DildoBatman the Conjurer (level 7, -3/52 HPs)
             Began as a Formicid Conjurer on Mar 3, 2023.
             Killed by divine providence
             ... invoked by an orc priest
              (9 damage)
             ... on level 6 of the Dungeon.
             The game lasted 00:10:29 (4879 turns).

DildoBatman the Conjurer (Formicid Conjurer)        Turns: 4879, Time: 00:10:29

Health: -3/52      AC:  2    Str: 14 (17) XL:     7   Next: 90%
Magic:  14/14      EV: 12    Int: 18 (20) God:
Gold:   317        SH:  0    Dex:  9 (12) Spells: 13/16 levels left

rFire   . . .      SeeInvis +   a - +7 rapier of the Grinning Seer {pain, rC+}
rCold   + . .      Faith    .   (no shield)
rNeg    . . .      Spirit   .   v - +0 robe
rPois   .          Reflect  .   (helmet unavailable)
rElec   .          Harm     .   (no cloak)
rCorr   .          Rampage  .   (no gloves)
Will    .....                   (no boots)
Stlth   ++........              (no amulet)
HPRegen 0.17/turn               C - +6 ring of strength
MPRegen 0.14/turn               (no ring)

@: no status effects
A: permanent stasis, dig shafts and tunnels, antennae 3, four strong arms
a: Dig, Shaft Self


You were on level 6 of the Dungeon.
You visited 2 branches of the dungeon, and saw 7 of its levels.

You collected 317 gold pieces.

Inventory:

Hand Weapons
 a - the +7 rapier of the Grinning Seer (weapon) {pain, rC+}
   (You found it on level 4 of the Dungeon)

   In the hands of one skilled in necromantic magic, it inflicts extra damage on
   living creatures.
   rC:        It protects you from cold.
 b - a +0 spear
Missiles
 o - 13 poisoned darts
 r - 4 silver javelins
Armour
 v - a +0 robe (worn)
Jewellery
 C - a +6 ring of strength (left hand)
Wands
 p - a wand of flame (17)
 x - a wand of digging (3)
 y - a wand of paralysis (11)
Scrolls
 i - a scroll of fog {unknown}
 k - 2 scrolls of silence
 l - 2 scrolls of immolation
 w - 2 scrolls of noise
 z - a scroll of vulnerability {unknown}
 A - a scroll of blinking {unknown}
 B - a scroll of poison {unknown}
Potions
 c - a potion of mutation {unknown}
 d - a potion of degeneration
 e - 2 potions of lignification {unknown}
 g - a potion of heal wounds {unknown}
 h - a potion of might {unknown}
 m - 2 potions of attraction {unknown}
 n - 2 potions of curing {unknown}
 q - a potion of brilliance {unknown}
 s - a potion of magic
 t - 2 potions of invisibility {unknown}
 u - a potion of resistance {unknown}


   Skills:
 - Level 3.0 Fighting
 - Level 3.0 Armour
 - Level 2.0 Dodging
 - Level 2.4 Stealth
 * Level 5.3 Spellcasting
 * Level 5.6 Conjurations


You had 13 spell levels left.
You knew the following spells:

 Your Spells              Type           Power      Damage    Failure   Level
a - Searing Ray           Conj           50%        2d6       1%          2
c - Magic Dart            Conj           100%       1d8       1%          1

Your spell library contained the following spells:

 Spells                   Type           Power      Damage    Failure   Level
 Dazzling Flash           Conj/Hex       28%        N/A       12%         3
 Fulminant Prism          Conj/Hex       7%         3d7       38%         4
 Iskenderun's Mystic Bla  Conj/Tloc      14%        2d5       38%         4


Dungeon Overview and Level Annotations

Branches:
Dungeon (6/15)             Temple (1/1) D:4

Altars:
Cheibriados
Gozag
Makhleb
Qazlal
Trog
Vehumet
Zin

Annotations:
D:3 Natasha, Robin
D:4 exclusions: scorpion and 4 sensed monsters (detected)
D:5 Grinder, Ijyb


Innate Abilities, Weirdness & Mutations

You cannot be hasted, slowed, berserked, paralysed or teleported.
You can dig through walls and to a lower floor.
You have a pair of large antennae on your head. (SInv)
Your four strong arms can wield two-handed weapons with a shield.


Message History

The orc priest shouts!
The orc shouts! x2
The orc priest calls down the wrath of Beogh upon you.
Beogh smites you!
The orc wizard points at you and mumbles some strange words.
You are confused.
You're too confused to cast spells.
The orc hits you from afar with a +4 vampiric trident.
The orc wizard barely misses you. The orc misses you.
The orc wizard barely misses you.
You bump into the rock wall.
The orc closely misses you.
The orc wizard hits you with a +0 dagger.
You miss the orc wizard. The orc closely misses you.
The orc wizard hits you with a +0 dagger.
The orc wizard barely misses you. The orc hits you with a +0 mace.
The orc hits you with a +4 vampiric trident!
You bump into the rock wall.
You feel less confused. The orc hits you with a +0 mace.
The orc hits you with a +4 vampiric trident.
The orc wizard hits you with a +0 dagger.
The orc hits you but does no damage.
The orc hits you from afar with a +4 vampiric trident.
The orc wizard closely misses you.
It was a potion of degeneration.
There was something very wrong with that liquid.
You feel weakened.
You feel dopey.
You feel clumsy. The orc closely misses you. The orc completely misses you.
The orc wizard casts a spell at you. The magic dart hits you!
The orc priest mumbles some strange prayers to Beogh against you.
Beogh smites you!
You die...

..............############.##.#.#
....##.##.#.#.############.......
......... .........).............
..............############.##.#.#
#.........#.#... .........
#...........#..# ########.#
............#..#### ##. ........
#.#####.#.#.#...o.#o.... ........
#.# .........@ooo..... .......
#.# ..#.#..####.###.####.##.# #.#
..#......o...... ........
#.#####.#.#............. ........
........#.#....####.###.####.#...
....................# #.# #.#...
#..###..#......###..# #.####.....
#..###..#.#.....# .# #.##.......
..........#....###..# #....#.....


You could see an orc priest, an orc wizard and 3 orcs.

Vanquished Creatures
  2 ice beasts (D:6)
  An ogre (D:5)
  A necrophage (D:6)
  An orc priest (D:4)
  2 hounds (D:4)
  A gnoll bouda (D:6)
  An iguana (D:6)
  An orc wizard (D:4)
  5 gnolls
  4 adders
  A shadow imp (D:6)
  A white imp (D:5)
  3 worms (D:2)
  3 dart slugs
  15 orcs
  3 bats
  3 endoplasms
  A goblin (D:1)
  3 hobgoblins
  2 jackals (D:2)
  3 quokkas
  4 ball pythons
  2 frilled lizards (D:2)
  2 kobolds (D:4)
  3 rats (D:2)
68 creatures vanquished.

Notes
Turn   | Place    | Note
-------+----------+-------------------------------------------
     0 | D:1      | DildoBatman the Formicid Conjurer began the quest for the
                  | Orb.
     0 | D:1      | Reached XP level 1. HP: 13/13 MP: 3/3
   337 | D:1      | Reached XP level 2. HP: 20/20 MP: 3/5
   340 | D:1      | Learned a level 2 spell: Searing Ray
  1012 | D:2      | Reached skill level 1 in Fighting
  1012 | D:2      | Reached skill level 1 in Armour
  1012 | D:2      | Reached XP level 3. HP: 26/26 MP: 0/6
  1140 | D:2      | Found a faded altar of an unknown god.
  1488 | D:1      | Reached XP level 4. HP: 32/32 MP: 2/8
  1687 | D:3      | Noticed Natasha
  1687 | D:3      | Noticed a water moccasin
  1739 | D:3      | Noticed Robin
  2119 | D:4      | Found a bloodstained altar of Trog.
  2124 | D:4      | Reached XP level 5. HP: 38/38 MP: 5/9
  2288 | D:4      | Found a staircase to the Ecumenical Temple.
  2298 | Temple   | Entered the Ecumenical Temple
  2381 | D:4      | Identified the +7 rapier of the Grinning Seer {pain, rC+}
  2422 | D:4      | Identified the +0 chain mail "Keurauge" {Slay+4}
  2808 | D:5      | Entered Level 5 of the Dungeon
  2929 | D:5      | Noticed Ijyb
  2967 | D:5      | Reached XP level 6. HP: 46/46 MP: 2/11
  3609 | D:5      | Noticed an ogre
  3610 | D:5      | Noticed Grinder
  3644 | D:5      | Killed an ogre
  4154 | D:6      | Reached XP level 7. HP: 52/52 MP: 4/13
  4287 | D:6      | Reached skill level 5 in Conjurations
  4457 | D:6      | Reached skill level 5 in Spellcasting
  4879 | D:6      | Killed from afar by an orc priest

Illustrated notes

Levels and vault maps discovered:
D:1:      minmay_arrival_loop, layout_loops_ring
D:2:      layout_basic, hellmonk_ecumenical_altar_dog_temple,
          kennysheep_generic_room_8
D:3:      layout_rooms, nicolae_elyvilon_temple_path, uniq_robin, uniq_natasha,
          uniq_terence
D:4:      layout_loops_cross, trog_butcher_becter, temple_fountains, uniq_pikel
D:5:      layout_basic, mainiacjoe_overflow_surrounded_room, uniq_grinder,
          uniq_ijyb, uniq_edmund
D:6:      layout_basic
Temple:   hellmonk_temple_micro_hex

Skill      XL: |  1  2  3  4  5  6  7 |
---------------+----------------------+-----
Dodging        | 2 |  2.0
Fighting       | 1 2 3 |  3.0
Armour         | 1 2 3 |  3.0
Conjurations   | 4 5 |  5.6
Spellcasting   | 3 4 5 |  5.3
Stealth        | |  2.4

Action                   |  1- 3 |  4- 6 |  7- 9 || total
-------------------------+-------+-------+-------++-------
Melee: Dagger            |     5 |       |       ||     5
       Unarmed           |     2 |       |       ||     2
       Spear             |       |     7 |       ||     7
       Rapier            |       |    14 |     8 ||    22
 Cast: Magic Dart        |    43 |    17 |     5 ||    65
       Searing Ray       |     3 |    28 |     9 ||    40
 Abil: Dig               |     1 |       |       ||     1
  Use: Scroll            |       |       |     4 ||     4
       Potion            |       |       |     1 ||     1
 Stab: Sleeping          |     1 |       |       ||     1
Armor: Robe              |     1 |     3 |     2 ||     6
Dodge: Dodged            |     3 |    28 |    18 ||    49
